 Dungeon Sprint DCSS version 0.26-a0-474-gfaca0e1de5 (webtiles) character file.

Game seed: 298237304146612136

17815 Baz the Severer (level 12, -5/107 HPs)
             Began as a Formicid Fighter on July 31, 2020.
             Was an Elder of Makhleb.
             Slain by a blizzard demon (11 damage)
             ... summoned by the player character
             ... in the Dungeon (Sprint VII: "The Pits").
             The game lasted 00:17:46 (4256 turns).

Baz the Severer (Formicid Fighter)                  Turns: 4256, Time: 00:17:48

Health: -5/107     AC: 23    Str: 24    XL:     12   Next: 87%
Magic:  24/24      EV:  7    Int:  9    God:    Makhleb [****..]
Gold:   52         SH: 14    Dex: 11    Spells: 11/11 levels left

rFire    . . .     SeeInvis +   C - +1 war axe (elec)
rCold    . . .     Faith    .   c - +0 kite shield
rNeg     . . .     Spirit   .   l - +2 plate armour
rPois    .         Reflect  .   (helmet unavailable)
rElec    .         Harm     .   (no cloak)
rCorr    .                      p - +0 pair of gloves
MR       ++...                  (no boots)
Stlth    ..........             (no amulet)
HPRegen  0.27/turn              o - +3 ring of protection
MPRegen  0.19/turn              x - ring of protection from magic

@: mighty
A: permanent stasis, dig shafts and tunnels, four strong arms, antennae 3
a: Dig, Minor Destruction, Lesser Servant of Makhleb, Major Destruction,
Renounce Religion


You were in the Dungeon.
You worshipped Makhleb.
Makhleb was greatly pleased with you.
You visited 1 branch You collected 52 gold pieces.

Inventory:

Hand Weapons
 a - a +0 war axe
 m - a +1 vorpal hand axe
 q - the +2 war axe of Vasu {pain, +Rage Int+5}
   (You found it in the Dungeon)

   In the hands of one skilled in necromantic magic, it inflicts extra damage on
   living creatures.
   It affects your intelligence (+5).
   It lets you go berserk.
 C - a +1 war axe of electrocution (weapon)
Armour
 b - a +0 scale mail
 c - a +0 kite shield (worn)
 l - a +2 plate armour (worn)
 p - a +0 pair of gloves (worn)
Jewellery
 n - a +3 ring of intelligence
 o - a +3 ring of protection (left hand)
 x - a ring of protection from magic (right hand)
 A - an uncursed ring of protection from cold
Scrolls
 i - 7 scrolls of remove curse
 j - 5 scrolls of amnesia
 k - a scroll of summoning
 r - a scroll of fear
 u - a scroll of fog
 w - a scroll of enchant armour
 y - a scroll of magic mapping
 z - a scroll of identify
Potions
 e - 9 potions of curing
 f - 7 potions of heal wounds
 g - 4 potions of magic
 h - 2 potions of invisibility
 s - a potion of brilliance
 t - a potion of stabbing
 v - a potion of resistance
 B - a potion of mutation


   Skills:
 + Level 14.2 Fighting
 + Level 16.9 Axes
 + Level 14.3 Armour
 - Level 15.0 Shields
 * Level 16.2 Invocations


You had 11 spell levels left.
You didn't know any spells.
Your spell library was empty.

Dungeon Overview and Level Annotations

Branches:
Dungeon (1/1)

Altars:
Ashenzari
Cheibriados
Dithmenos
Elyvilon
Fedhas
Gozag
Hepliaklqana
Kikubaaqudgha
Makhleb
Nemelex Xobeh
Okawaru
Qazlal
Ru
Sif Muna
Trog
Uskayaw
Vehumet
Wu Jian
Xom
Yredelemnul
Zin
The Shining One
Beogh
Jiyva
Lugonu


Innate Abilities, Weirdness & Mutations

You cannot be hasted, slowed, berserked, paralysed or teleported.
You can dig through walls and to a lower floor.
Your four strong arms can wield two-handed weapons with a shield.
You have a pair of large antennae on your head. (SInv)


Message History

You can no longer summon a greater servant of Makhleb.
Okay, then.
Unknown command.
You feel much better.
The orc warlord no longer looks unusually strong.
Okay, then.
You feel very mighty all of a sudden.
The orc warlord roars a battlecry!
The orc knight goes into a battle-frenzy!
The blizzard demon hits you! The blizzard demon hits you.
* * * LOW HITPOINT WARNING * * *
You hear a shout!
You feel mightier all of a sudden.
The orc knight seems to return to its normal shape.
The orc knight hits you with a +1 dire flail!!
* * * LOW HITPOINT WARNING * * *
The orc knight roars a battlecry!
The orc warlord goes into a battle-frenzy!
The blizzard demon hits you!
You die...

+..........# {{
+..........# {{
#..#....#..#
#..........+
#..........+ {{
###++####''#
#''##################
#.....o..(oc)..M.....
#.)2@o(o.occcco))....
{{
#((##############hN##
{{ #.(# { #{{.{{.. {{
#..#{ #{#{{{{# ####
{{ #..# .. ....{.
#..# #).# #. .#{...#
#..# #..# # ....{...
'..# #..# {{{ .#
#.o..#
'..##########..# { ..
.o...o


You could see an orc warlord (strong), 4 orc knights, a blizzard demon
(summoned) and 3 yaktaurs.

Vanquished Creatures
  An emperor scorpion (D)
  An alligator snapping turtle (D)
  A centaur warrior (D)
  A death yak (D)
  A sea snake (D)
  A swamp dragon (D)
  An orc knight (D)
  An elephant (D)
  A cane toad (D)
  A demonic crawler (D)
  A hornet (D)
  5 blink frogs (D)
  A snapping turtle (D)
  5 dream sheep (D)
  2 hippogriffs (D)
  A tarantella (D)
  An air elemental (D)
  A flying skull (D)
  A spriggan (D)
  A shadow (D)
  A wraith (D)
  2 redbacks (D)
  2 yaks (D)
  A naga (D)
  3 water moccasins (D)
  A floating eye (D)
  3 orc warriors (D)
  A necrophage (D)
  An ice beast (D)
  A crocodile (D)
  A bullfrog (D)
  6 killer bees (D)
  2 jellies (D)
  An orc priest (D)
  An orc wizard (D)
  2 iguanas (D)
  A gnoll (D)
  An ooze (D)
  An adder skeleton (D)
  2 worms (D)
  A leopard gecko (D)
  9 orcs (D)
  A bat zombie (D)
  A giant cockroach (D)
  2 hobgoblins (D)
  A ball python (D)
  A bat (D)
  A frilled lizard (D)
  2 kobolds (D)
  A rat (D)
83 creatures vanquished.

Vanquished Creatures (collateral kills)
  An orc warlord (D)
  Josephine (D)
  A yaktaur captain (D)
  2 vault guards (D)
  A hydra (D)
  An anaconda (D)
  A death yak (D)
  An orc high priest (D)
  2 hell hogs (D)
  A deep elf knight (D)
  A spriggan druid (D)
  3 orc knights (D)
  A cane toad (D)
  A naga mage (D)
  A komodo dragon (D)
  A yaktaur (D)
  A troll (D)
  2 flying skulls (D)
  A yak (D)
  A redback (D)
  3 wraiths (D)
  Eustachio (D)
  Edmund (D)
  3 nagas (D)
  A black bear (D)
  2 orc priests (D)
  A hobgoblin (D)
  A quokka (D)
  A ball python zombie (D)
39 creatures vanquished.

Grand Total: 122 creatures vanquished

Notes
Turn   | Place    | Note
-------+----------+-------------------------------------------
     0 | D        | Baz the Formicid Fighter began the quest for the Orb.
     0 | D        | Reached XP level 1. HP: 18/18 MP: 1/1
    15 | D        | Found a bloodstained altar of Trog.
    15 | D        | Found a shimmering blue altar of Sif Muna.
    15 | D        | Found a viscous altar of Jiyva.
    15 | D        | Found a hazy altar of Hepliaklqana.
    15 | D        | Found an opulent altar of Gozag.
    16 | D        | Found a glowing golden altar of the Shining One.
    16 | D        | Found a glowing silver altar of Zin.
    16 | D        | Found a basalt altar of Yredelemnul.
    16 | D        | Found a shimmering altar of Xom.
    16 | D        | Found an ornate altar of the Wu Jian Council.
    16 | D        | Found a sacrificial altar of Ru.
    16 | D        | Found a stormy altar of Qazlal.
    16 | D        | Found an iron altar of Okawaru.
    16 | D        | Found a sparkling altar of Nemelex Xobeh.
    16 | D        | Found a burning altar of Makhleb.
    16 | D        | Found a blossoming altar of Fedhas.
    16 | D        | Found a white marble altar of Elyvilon.
    16 | D        | Found a shadowy altar of Dithmenos.
    16 | D        | Found a snail-covered altar of Cheibriados.
    17 | D        | Found a radiant altar of Vehumet.
    17 | D        | Found a corrupted altar of Lugonu.
    17 | D        | Found a roughly hewn altar of Beogh.
    18 | D        | Found a hide-covered altar of Uskayaw.
    18 | D        | Found an ancient bone altar of Kikubaaqudgha.
    18 | D        | Found a shattered altar of Ashenzari.
    24 | D        | Became a worshipper of Makhleb the Destroyer
    68 | D        | Reached skill level 1 in Invocations
   100 | D        | Reached * piety under Makhleb
   104 | D        | Reached XP level 2. HP: 24/25 MP: 1/3
   133 | D        | Noticed a floating eye
   146 | D        | Killed a floating eye
   146 | D        | Reached ** piety under Makhleb
   146 | D        | Reached skill level 5 in Fighting
   146 | D        | Reached skill level 5 in Axes
   146 | D        | Reached skill level 5 in Armour
   146 | D        | Reached skill level 5 in Shields
   146 | D        | Reached XP level 3. HP: 33/33 MP: 3/6
   146 | D        | Reached XP level 4. HP: 39/39 MP: 3/7
   146 | D        | Reached XP level 5. HP: 44/44 MP: 3/8
   191 | D        | Noticed a necrophage
   197 | D        | Killed a necrophage
   197 | D        | Reached skill level 5 in Invocations
   197 | D        | Reached XP level 6. HP: 51/52 MP: 9/9
   397 | D        | Noticed a water moccasin
   410 | D        | Killed a water moccasin
   424 | D        | Noticed an orc warrior
   424 | D        | Noticed a water moccasin
   424 | D        | Noticed a flying skull
   424 | D        | Noticed Edmund
   433 | D        | Killed a water moccasin
   433 | D        | Reached *** piety under Makhleb
   433 | D        | Reached XP level 7. HP: 56/60 MP: 10/12
   443 | D        | Killed a flying skull
   453 | D        | Killed Edmund
   462 | D        | Reached **** piety under Makhleb
   733 | D        | Noticed a flying skull
   750 | D        | Killed a flying skull
   750 | D        | Reached skill level 10 in Axes
   750 | D        | Reached XP level 8. HP: 63/68 MP: 12/14
   790 | D        | Noticed a dream sheep
   795 | D        | Killed a dream sheep
   805 | D        | Reached ***** piety under Makhleb
   922 | D        | Noticed a shadow
   969 | D        | Reached ****** piety under Makhleb
   983 | D        | Killed a shadow
   983 | D        | Reached skill level 10 in Shields
   983 | D        | Reached XP level 9. HP: 71/76 MP: 14/16
  1065 | D        | Got the +2 war axe of Vasu {pain, +Rage Int+5}
  1139 | D        | Noticed a cane toad
  1162 | D        | Reached skill level 10 in Invocations
  1165 | D        | Reached skill level 10 in Armour
  1167 | D        | Killed a cane toad
  1167 | D        | Reached skill level 10 in Fighting
  1214 | D        | Noticed a snapping turtle
  1272 | D        | Killed a snapping turtle
  1272 | D        | Reached XP level 10. HP: 34/86 MP: 18/18
  1326 | D        | Noticed an orc knight
  1361 | D        | Killed an orc knight
  1624 | D        | Noticed a sea snake
  1642 | D        | Killed a sea snake
  1710 | D        | Noticed a death yak
  1739 | D        | Noticed a death yak
  1768 | D        | Killed a death yak
  1768 | D        | Reached XP level 11. HP: 29/94 MP: 18/20
  2093 | D        | Killed a death yak
  2271 | D        | Noticed an emperor scorpion
  2275 | D        | Noticed an alligator snapping turtle
  2275 | D        | Noticed an orc high priest
  2341 | D        | Killed an orc high priest
  2341 | D        | Reached skill level 15 in Axes
  2504 | D        | Killed an emperor scorpion
  2687 | D        | Noticed Josephine
  2715 | D        | Killed Josephine
  2971 | D        | Killed an alligator snapping turtle
  2978 | D        | Noticed Eustachio
  2979 | D        | Noticed a seven-headed hydra
  2990 | D        | Killed an eight-headed hydra
  2992 | D        | Killed Eustachio
  2995 | D        | Reached XP level 12. HP: 46/103 MP: 22/22
  3545 | D        | Noticed a centaur warrior
  3557 | D        | Killed a centaur warrior
  3585 | D        | Noticed a spriggan rider
  3634 | D        | Noticed a swamp dragon
  3658 | D        | Killed a swamp dragon
  4196 | D        | Noticed a hell hog
  4196 | D        | Noticed a hell hog
  4196 | D        | Noticed an orc warlord
  4197 | D        | Noticed an orc warlord
  4198 | D        | Noticed a vault guard
  4202 | D        | Killed a hell hog
  4203 | D        | Noticed a vault guard
  4204 | D        | Noticed a hell hog
  4210 | D        | Killed a hell hog
  4211 | D        | Noticed a spriggan druid
  4211 | D        | Noticed a deep elf knight
  4213 | D        | Killed an orc warlord
  4213 | D        | Reached skill level 15 in Invocations
  4214 | D        | Noticed a naga warrior
  4214 | D        | Noticed a mummy priest
  4218 | D        | Noticed a yaktaur captain
  4219 | D        | Killed a deep elf knight
  4219 | D        | Reached skill level 15 in Shields
  4221 | D        | Noticed an anaconda
  4227 | D        | Killed an anaconda
  4232 | D        | Killed a spriggan druid
  4234 | D        | Killed a vault guard
  4235 | D        | Killed a vault guard
  4246 | D        | Killed a yaktaur captain
  4253 | D        | Noticed a blizzard demon
  4256 | D        | Slain by a blizzard demon

Illustrated notes

Levels and vault maps discovered:
D:        pitsprint [storerooms_1, entrance_room_1, metal_vault_7, armoury_3,
          mini_pit_1, grid_room_1, main_hall_1, silver_pit, the_coven_3,
          the_vestibule_1, steel_vault_1, golden_pit, hallway_of_sentries,
          crystal_vault_2, iron_vault_1, final_vault]

Skill      XL: |  1  2  3  4  5  6  7  8  9 10 11 12 |
---------------+-------------------------------------+-----
Shields        | 4 5 6 7 9 10 11 12 14 15 | 15.0
Invocations    | 1 4 5 6 8 9 10 12 13 16 | 16.2
Axes           | 5 6 8 10 11 12 14 16 | 16.9
Fighting       | 5 7 8 9 10 11 12 14 | 14.2
Armour         | 5 6 7 8 9 10 11 13 14 | 14.3

Action                   |  1- 3 |  4- 6 |  7- 9 | 10-12 || total
-------------------------+-------+-------+-------+-------++-------
Melee: War axe           |    16 |     8 |    45 |   250 ||   319
       Hand axe          |       |     8 |    59 |       ||    67
Invok: Minor Destruction |       |     6 |    31 |     3 ||    40
       Lesser Servant of |       |       |     2 |    16 ||    18
       Major Destruction |       |       |       |     2 ||     2
       Greater Servant o |       |       |       |    11 ||    11
  Use: Potion            |       |       |       |     8 ||     8
 Stab: Distracted        |       |       |       |     2 ||     2
Armor: Scale mail        |     3 |     3 |       |       ||     6
       Plate armour      |       |     9 |    54 |    98 ||   161
Dodge: Dodged            |     9 |     8 |    28 |    38 ||    83
Block: Kite shield       |    10 |     9 |    79 |   135 ||   233

Table legend: (Time is in decaauts)
 A = Elapsed time spent in this place.
 B = Non-inter-level travel time spent in this place.
 C = Inter-level travel time spent in this place.
 D = Time resting spent in this place.
 E = Time spent auto-exploring this place.
 F = Levels seen in this place.
 G = Mean time per level.
                   A        B        C        D        E       F      G
               +--------+--------+--------+--------+--------+-----+--------+
         Total |   4183 |   4183 |      0 |   2257 |      0 |   1 | 4183.0 |
       Dungeon |   4183 |   4183 |      0 |   2257 |      0 |   1 | 4183.0 |
               +--------+--------+--------+--------+--------+-----+--------+

Top non-repeatable levels by time:
       D: 4183 daAuts
